 Dungeon Crawl Stone Soup version 0.26-a0-660-gc07710193c (webtiles) character file.

Game seed: 13159380708942758963

56 Borbozo the Skirmisher (level 3, 0/55 HPs)
             Began as a Hill Orc Wanderer on Oct 7, 2020.
             Was an Initiate of Cheibriados.
             Slain by an iguana (4 damage)
             ... on level 4 of the Dungeon.
             The game lasted 00:12:09 (1962 turns).

Borbozo the Skirmisher (Hill Orc Wanderer)          Turns: 1962, Time: 00:12:09

Health: 0/55       AC: 21    Str: 15    XL:     3   Next: 95%
Magic:  3/3        EV:  2    Int: 12    God:    Cheibriados [......]
Gold:   107        SH:  0    Dex: 19    Spells: 2/2 levels left

rFire    + . .     SeeInvis .   a - +2 hand axe
rCold    x . .     Faith    .   (no shield)
rNeg     + + +     Spirit   .   (armour currently unavailable)
rPois    +         Reflect  .   (helmet currently unavailable)
rElec    .         Harm     .   (cloak currently unavailable)
rCorr    .         Rampage  .   (gloves currently unavailable)
MR       .....     NoTele   +   (boots currently unavailable)
Stlth    ++........             (no amulet)
HPRegen  0.18/turn              j - +6 ring of dexterity
MPRegen  0.08/turn              o - ring of fire

@: tree-form, very slow
A: no striking features
a: Bend Time, Renounce Religion


You were on level 4 of the Dungeon.
You worshipped Cheibriados.
Cheibriados was noncommittal.
You were a tree.
You visited 1 branch of the dungeon, and saw 3 of its levels.

You collected 107 gold pieces.

Inventory:

Hand Weapons
 a - a +2 hand axe (weapon)
 e - a +0 dagger
 i - a +0 hand axe
Missiles
 h - 86 stones (quivered)
 l - 2 curare-tipped darts
Armour
 d - a +0 robe
 g - a +1 leather armour
 n - a +0 ring mail
 r - a +2 ring mail of cold resistance (melded)
Jewellery
 j - a +6 ring of dexterity (left branch)
 o - a ring of fire (right branch)
Scrolls
 c - a scroll of teleportation
 p - a scroll of random uselessness {unknown}
Potions
 b - 2 potions of curing
 f - a potion of ambrosia {unknown}
 m - a potion of lignification
 q - a potion of flight {unknown}


   Skills:
 + Level 5.8 Fighting
 + Level 3.3 Axes
 + Level 1.2 Armour
 + Level 1.4 Dodging
 + Level 1.7 Stealth


You had 2 spell levels left.
You didn't know any spells.
Your spell library was empty.

Dungeon Overview and Level Annotations

Branches:
Dungeon (2/15)

Altars:
Cheibriados


Message History

You closely miss the iguana.
The worker ant bites you but does no damage.
The iguana bites you but does no damage.
The worker ant bites you but does no damage.
You hit the worker ant but do no damage.
The worker ant is severely wounded.
You hit the iguana but do no damage. The iguana bites you.
* * * LOW HITPOINT WARNING * * *
The worker ant bites you but does no damage.
You hit the worker ant.
The worker ant is almost dead.
You hit the iguana. The iguana barely misses you.
The worker ant bites you but does no damage.
The iguana bites you but does no damage.
You closely miss the worker ant.
The worker ant is almost dead.
You hit the iguana but do no damage.
The worker ant bites you but does no damage.
The iguana bites you.
You die...

#..........#
##.....Z.###
##....oo#
######.# #o#
#l# #.#
#{#########
#ll♣B......
###########


You could see an iguana, a worker ant and a leopard gecko.

Vanquished Creatures
  3 adders (D:2)
  2 dart slugs
  A leopard gecko (D:1)
  A giant cockroach (D:1)
  3 goblins
  2 hobgoblins
  A quokka (D:2)
  3 bats
  5 frilled lizards
  4 kobolds
  3 rats
28 creatures vanquished.

Vanquished Creatures (others)
  12 plants (D:1)
12 creatures vanquished.

Grand Total: 40 creatures vanquished

Notes
Turn   | Place    | Note
-------+----------+-------------------------------------------
     0 | D:1      | Borbozo the Hill Orc Wanderer began the quest for the Orb.
     0 | D:1      | Borbozo set off with the following items: a +2 hand axe, a
                  | potion of curing, a scroll of teleportation, a +0 robe, a
                  | +0 dagger
     0 | D:1      | Reached XP level 1. HP: 22/22 MP: 1/1
    15 | D:1      | Reached skill level 5 in Fighting
   381 | D:1      | Reached XP level 2. HP: 25/29 MP: 2/2
  1192 | D:2      | Reached XP level 3. HP: 36/36 MP: 3/3
  1299 | D:2      | Found a snail-covered altar of Cheibriados.
  1311 | D:2      | Became a worshipper of Cheibriados the Contemplative
  1936 | D:2      | You fall into a shaft and drop 2 floors!
  1937 | D:4      | Noticed a centaur
  1962 | D:4      | Slain by an iguana

Illustrated notes

Levels and vault maps discovered:
D:1:      minmay_arrival_plants_in_alcoves, layout_loops_ring
D:2:      layout_loops_ring, kennysheep_slug_shrine
D:4:      layout_rooms, grunt_temple_overflow_holy_war, old_standard_altar,
          temple_pool_b, chequers_jeans, minmay_fountain_box, uniq_eustachio

Skill      XL: |  1  2 |
---------------+-------+-----
Fighting       | 5 |  5.8
Axes           | 3 |  3.3
Armour         | |  1.2
Dodging        | |  1.4
Stealth        | |  1.7

Action                   || total
-------------------------++-------
Melee: Hand axe          ||   114
  Use: Scroll            ||     5
       Potion            ||     1
Armor: Robe              ||     1
       Ring mail         ||    20
       Leather armour    ||     4
       Skin              ||    10
Dodge: Dodged            ||    53

Table legend: (Time is in decaauts)
 A = Elapsed time spent in this place.
 B = Non-inter-level travel time spent in this place.
 C = Inter-level travel time spent in this place.
 D = Time resting spent in this place.
 E = Time spent auto-exploring this place.
 F = Levels seen in this place.
 G = Mean time per level.
                   A        B        C        D        E       F      G
               +--------+--------+--------+--------+--------+-----+--------+
         Total |   2093 |   2093 |      0 |    540 |      0 |   3 |  697.7 |
       Dungeon |   2093 |   2093 |      0 |    540 |      0 |   3 |  697.7 |
               +--------+--------+--------+--------+--------+-----+--------+

Top non-repeatable levels by time:
     D:1: 1183 daAuts
     D:2: 878 daAuts
     D:4: 31 daAuts
